[Event "NJSK 2022 Jeugd C"]
[Site "Almelo, Netherlands"]
[Date "2022.05.01"]
[Round "1.1"]
[White "De Winter, Arthur"]
[Black "Van Batenburg, Mees"]
[Result "1/2-1/2"]
[TimeControl "90min + 30sec/move"]
[WhiteElo "2138"]
[BlackElo "1713"]

1. e4 c5 2. Nf3 Nc6 3. d4 cxd4 4. Nxd4 e5 5. Nb5 d6 6. N1c3 a6 7. Na3 Be6 8. Nc4 Rb8 9. g3 h5 10.
h3 Nd4 11. Ne3 Nf6 12. Bg2 Qc8 13. f4 b5 14. f5 Bd7 15. O-O b4 16. Ncd5 Nxd5 17. Nxd5 Qxc2 18. Bg5 Bc6 19. Qxc2 Nxc2 20.
Rac1 Nd4 21. Rxc6 Nxc6 22. Rc1 Ne7 23. Nc7+ Kd7 24. Nxa6 Rc8 25. Rxc8 Nxc8 26. Nxb4 Be7 27. Be3 Bd8 28.
Kf1 Bb6 29. Bd2 Ba5 30. Bf3 Na7 31. Ke2 Nc6 32. Nxc6 Bxd2 33. Nxe5+ dxe5 34. Kxd2 g6 35. fxg6 fxg6 36. Be2 Kd6 37.
b4 Ra8 38. Bc4 g5 39. Bb3 Rf8 40. Ke3 Rf1 41. Ke2 Rb1 42. Kf2 Kc6 43. Bf7 h4 44. gxh4 gxh4 45. a3 Ra1 46. a4 Ra3 47.
Kg2 Kd6 48. a5 Ra4 49. Kf3 Rxb4 50. Bd5 Ra4 51. Kg4 Rxa5 52. Kxh4 Ra7 53. Kg5 Rg7+ 54. Kf5 Rh7 1/2-1/2

[Event "NJSK 2022 Jeugd C"]
[Site "Almelo, Netherlands"]
[Date "2022.05.01"]
[Round "1.2"]
[White "Kazarjan, Gachatur"]
[Black "Kumar, Prajit Sai"]
[Result "1-0"]
[TimeControl "90min + 30sec/move"]
[WhiteElo "1661"]
[BlackElo "2042"]

1. e4 c6 2. d4 d5 3. Nd2 dxe4 4. Nxe4 Nf6 5. Nxf6+ exf6 6. Nf3 Bd6 7. Bd3 O-O 8. O-O Bg4 9.
Re1 Nd7 10. c3 Re8 11. Rxe8+ Qxe8 12. Be3 Nf8 13. Be2 Qd7 14. Nd2 Bf5 15. c4 Bc7 16. Bf3 Ng6 17. g3 Ne7 18. Nb3 b6 19.
Qe2 Rd8 20. Rd1 Bd6 21. Nc1 g5 22. a3 h6 23. b4 Bg6 24. Na2 f5 25. Nc3 f4 26. Bc1 fxg3 27. fxg3 Re8 28. Qg2 c5 29.
dxc5 bxc5 30. Nb5 g4 31. Rxd6 Qf5 32. Be2 Qc2 33. Qf1 cxb4 34. axb4 Nf5 35. Bd3 Qb3 36. Bxf5 Qxb4 37. Ba3 Qa5 38.
Rxg6+ fxg6 39. Be6+ 1-0

[Event "NJSK 2022 Jeugd C"]
[Site "Almelo, Netherlands"]
[Date "2022.05.01"]
[Round "1.3"]
[White "Smeets, Kobe"]
[Black "Venema, Maxime"]
[Result "1-0"]
[TimeControl "90min + 30sec/move"]
[WhiteElo "1984"]
[BlackElo "1614"]

1. e4 c5 2. Nf3 d6 3. d4 cxd4 4. Nxd4 Nf6 5. Nc3 a6 6. h3 e5 7. Nde2 Be6 8. g4 h6 9. Bg2 Be7 10.
Be3 Nbd7 11. Nd5 Rc8 12. O-O Nc5 13. Ng3 Nxd5 14. exd5 Bd7 15. Qd2 Qc7 16. c4 Bf6 17. Nh5 Qd8 18.
Rae1 b5 19. f4 O-O 20. Nxf6+ Qxf6 21. fxe5 Qg6 22. Bxc5 Rxc5 23.
e6 fxe6 24. Rxf8+ Kxf8 25. dxe6 Qg5 26. Qxg5 hxg5 27. exd7 1-0

[Event "NJSK 2022 Jeugd C"]
[Site "Almelo, Netherlands"]
[Date "2022.05.01"]
[Round "1.4"]
[White "Lopes, Samuel"]
[Black "Zhu, Chenwu"]
[Result "0-1"]
[TimeControl "90min + 30sec/move"]
[WhiteElo "1600"]
[BlackElo "1968"]

1. b3 d5 2. Bb2 c5 3. e3 Nc6 4. d4 e6 5. Nf3 Nf6 6. Be2 Bd6 7. O-O O-O 8. c4 b6 9. Nc3 Bb7 10.
a3 Qe7 11. Nb5 Ne4 12. cxd5 exd5 13. dxc5 Bxc5 14. Qxd5 Nxf2 15. Qg5 f6 16. Bc4+ Kh8 17. Qh4 Nd3 18. Bd4 Bxd4 19. exd4 g5 20.
Qg3 Nf4 21. Rae1 Qd7 22. Qf2 a6 23. Nc3 b5 24. Be2 Rae8 25. b4 Qg4 26. Kh1 Nxd4 27. Rg1 Nfxe2 28. Nxe2 Nxf3 29. h3 Qh4 30. Qxh4 Nxh4 31. Kh2 Bxg2 32.
Rxg2 Nf3+ 33. Kg3 Nxe1 34. Rf2 Re3+ 35. Kg4 Kg7 36. Ng3 Kg6 37. h4 h5+ 38. Kh3 gxh4 39. Kxh4 Nf3+ 40. Kh3 Ng5+ 41.
Kh4 Rxg3 42. Kxg3 Ne4+ 43. Kf3 Nxf2 44. Kxf2 Rc8 45. Kg3 Kg5 46. a4 bxa4 47. b5 axb5 48. Kf3 a3 49. Ke2 Rc3 50.
Kd2 b4 51. Ke2 a2 52. Kd2 a1=Q 53. Ke2 Qb2+ 54. Kd1 Rc1# 0-1

[Event "NJSK 2022 Jeugd C"]
[Site "Almelo, Netherlands"]
[Date "2022.05.01"]
[Round "1.5"]
[White "Dekker, Thiemen"]
[Black "Mohebbinezhad, Parsa"]
[Result "0-1"]
[TimeControl "90min + 30sec/move"]
[WhiteElo "1935"]
[BlackElo "1600"]

1. e4 c6 2. Nc3 d5 3. Nf3 d4 4. Ne2 c5 5. c3 Bg4 6. cxd4 Bxf3 7. gxf3 cxd4 8. Qb3 b6 9. Qa4+ Nd7 10.
Nxd4 e6 11. Bb5 Bc5 12. Bxd7+ Qxd7 13. Qxd7+ Kxd7 14. Nb3 Bd6 15. d4 Ne7 16. Bd2 Nc6 17. a3 Rac8 18. Bc3 Rhf8 19. Ke2 f5 20.
Nd2 Ke7 21. h4 Rcd8 22. Rac1 Bf4 23.
d5 exd5 24. Bxg7 Rf7 25. Rxc6 Rxg7 26. exf5 Rf8 27. Re1 Rxf5 28. Kd3+ Kd7 29. Rce6 Bxd2 30. Kxd2 Rxf3 31. R6e2 Rgf7 32.
Rf1 d4 33. Ke1 d3 34. Re3 Rxe3+ 35. fxe3 d2+ 0-1

[Event "NJSK 2022 Jeugd C"]
[Site "Almelo, Netherlands"]
[Date "2022.05.01"]
[Round "1.6"]
[White "Terlouw, Wouter"]
[Black "Arnold, Rhys"]
[Result "0-1"]
[TimeControl "90min + 30sec/move"]
[WhiteElo "1578"]
[BlackElo "1846"]

1. d4 d5 2. c4 c6 3. Nc3 Nf6 4. Nf3 e6 5. Bg5 Nbd7 6. e3 Bb4 7. Qc2 Qa5 8. Bxf6
Nxf6 9. Nd2 dxc4 10. Nxc4 Qc7 11. Bd3 O-O 12. a3 Be7 13. b4 h6 14. h3 Nd5 15.
O-O Bf6 16. Ne4 Rd8 17. Rac1 Qe7 18. Rcd1 Nb6 19. Nxf6+ Qxf6 20. Ne5 Bd7 21.
Qb3 a6 22. a4 Nd5 23. b5 cxb5 24. axb5 a5 25. Ra1 Qe7 26. Be4 Be8 27. Nc4 Qb4
28. Qxb4 axb4 29. Rxa8 Rxa8 30. Bxd5 exd5 31. Nb6 Ra3 32. Nxd5 b3 33. Rb1 Bxb5
34. Nb4 Bc4 35. d5 Ra4 36. d6 Kf8 37. Nd3 Bxd3 38. Rxb3 Ba6 39. Rb2 Ke8 40. Rc2
Rc4 0-1

[Event "NJSK 2022 Jeugd C"]
[Site "Almelo, Netherlands"]
[Date "2022.05.01"]
[Round "1.7"]
[White "Kurt, Sascha"]
[Black "Kumar, Prayan Sai"]
[Result "1-0"]
[TimeControl "90min + 30sec/move"]
[WhiteElo "1834"]
[BlackElo "1562"]

1. e4 c6 2. d4 d5 3. Nd2 dxe4 4. Nxe4 Nf6 5. Nxf6+ exf6 6. c3 Bd6 7. Bd3 O-O 8. Ne2 Re8 9.
O-O Be6 10. Nf4 Nd7 11. Re1 Nf8 12. Nxe6 Nxe6 13. Qc2 h6 14. Bd2 Qc7 15. g3 Re7 16. Re3 Rae8 17. Rae1 Nf8 18. Be4 Ne6 19.
Bg2 c5 20. d5 Nf8 21. c4 Ng6 22. a3 b6 23. Qa4 Rxe3 24. Rxe3 Rxe3 25. Bxe3 f5 26. f4 Qe7 27. Kf2 Nf8 28.
Qc2 g6 29. Qa4 h5 30. Bd2 Qd7 31. Qxd7 Nxd7 32. Bc3 f6 33. Bf3 Kf7 34. Bd1 Ke7 35. h4 Nb8 36. Ba4 Nd7 37. Bxd7 Kxd7 38.
Bxf6 a5 39. Ke3 Kc7 40. Be5 Kd7 41. Bxd6 Kxd6 42. Kd3 Kc7 43. Kc3 Kd6 44. Kb3 Kc7 45. Ka4 Kd6 46. Kb5 Kc7 47. b3 1-0

[Event "NJSK 2022 Jeugd C"]
[Site "Almelo, Netherlands"]
[Date "2022.05.01"]
[Round "1.8"]
[White "Agarwal, Pranav"]
[Black "Zecha, Oscar"]
[Result "0-1"]
[TimeControl "90min + 30sec/move"]
[WhiteElo "1531"]
[BlackElo "1826"]

1. d4 Nf6 2. c4 e6 3. Nc3 Bb4 4. a3 Bxc3+ 5. bxc3 c5 6. f3 d5 7. Nh3 Nc6 8. Bb2 cxd4 9. cxd4 Qa5+ 10.
Qd2 Qxd2+ 11. Kxd2 Na5 12. Re1 Nxc4+ 13. Kc3 Nxb2 14. Kxb2 Bd7 15. e4 dxe4 16. fxe4 O-O 17. e5 Nd5 18.
Bc4 Bc6 19. Rhg1 Rfd8 20. Bxd5 Rxd5 21. Kc3 Rc8 22. Rc1 h6 23.
Rgd1 Ba4+ 24. Kb4 Rxc1 25. Rxc1 Rxd4+ 26. Rc4 Rxc4+ 27. Kxc4 Kf8 28. Kc5 Ke7 29. Nf2 Bc6 30. g3 f6 31.
Nd3 Be4 32. exf6+ Kxf6 33. Nf2 Bc6 34. Kd6 h5 35. Nd3 g5 36. Ne5 Bd5 37. Nd7 Kf5 38. Ne5 a5 39. Nd3 Kg4 40. Ke5 h4 41.
Kf6 hxg3 42. Ne5+ Kh3 43. hxg3 g4 44. Kg5 Bf3 45. Kf4 Bd1 46. Nc4 a4 47. Nd6 e5+ 48. Kxe5 Kxg3 49. Nxb7 Kh2 50. Nc5 g3 0-1

[Event "NJSK 2022 Jeugd C"]
[Site "Almelo, Netherlands"]
[Date "2022.05.01"]
[Round "1.9"]
[White "Krylov, Philippe"]
[Black "Folkers, Sono"]
[Result "1-0"]
[TimeControl "90min + 30sec/move"]
[WhiteElo "1817"]
[BlackElo "1519"]

1. d4 d5 2. c4 e6 3. Nc3 Nf6 4. cxd5 Nxd5 5. e4 Nxc3 6. bxc3 g6 7. Nf3 Bg7 8. Ba3 Nc6 9. Bb5 Bd7 10.
O-O a6 11. Bxc6 Bxc6 12. Re1 Bb5 13. Qb3 Qd7 14. Rab1 b6 15. c4 Ba4 16. Qe3 Bc6 17. d5 Bb7 18. c5 Qd8 19. cxb6 cxb6 20.
Rxb6 Bc8 21. Rd6 Qf6 22. e5 Qf5 23. Nd4 Qh5 24. dxe6 O-O 25. exf7+ Rxf7 26. Rd8+ Rf8 27. Qb3+ Kh8 28.
Bxf8 Qg5 29. Be7+ 1-0

[Event "NJSK 2022 Jeugd C"]
[Site "Almelo, Netherlands"]
[Date "2022.05.01"]
[Round "1.10"]
[White "Fallaux, Storm"]
[Black "Van Arendonk, Polle"]
[Result "0-1"]
[TimeControl "90min + 30sec/move"]
[WhiteElo "1459"]
[BlackElo "1784"]

1. e4 c5 2. Nf3 d6 3. d4 cxd4 4. Nxd4 Nf6 5. Nc3 a6 6. Bd3 e5 7. Nb3 Be6 8. Be3 Be7 9. f3 O-O 10.
Qd2 b5 11. O-O-O Nbd7 12. Qf2 Qc7 13. Kb1 Nc5 14. Be2 b4 15. Bxc5 dxc5 16. Nd5 Bxd5 17. exd5 c4 18. Nd2 c3 19.
Nc4 Rfd8 20. Qb6 Qxb6 21. Nxb6 Rab8 22. Nc4 Nxd5 23. Nxe5 cxb2 24. Nc6 Nc3+ 25. Kxb2 Nxd1+ 26. Bxd1 Bf6+ 27.
Kb3 Bc3 28. Nxb8 Rxb8 29. Be2 a5 30. a3 Rd8 31. Rd1 Rxd1 32. Bxd1 Kf8 33. a4 Ke7 34. Kc4 Ke6 35. Kb5 Ke5 36.
g3 Kd4 37. Kxa5 b3+ 38. Kb5 b2 39. Be2 b1=Q+ 40. Kc6 Qxc2 41. Bb5 Ba5+ 42. Kb7 Qc7+ 43. Ka8 Bb6 44. Bc6 Qa7# 0-1

[Event "NJSK 2022 Jeugd C"]
[Site "Almelo, Netherlands"]
[Date "2022.05.01"]
[Round "1.11"]
[White "Madularea, David"]
[Black "Franco, Hugo"]
[Result "1-0"]
[TimeControl "90min + 30sec/move"]
[WhiteElo "1774"]
[BlackElo "1441"]

1. e4 e6 2. d4 d5 3. e5 c5 4. c3 Qb6 5. Nf3 Nc6 6. a3 f6 7. Bd3 Bd7 8. Bc2 Be7 9. O-O Nh6 10.
Bxh6 gxh6 11. b4 cxd4 12. cxd4 fxe5 13. dxe5 O-O-O 14. Nc3 Rdf8 15. Rc1 Rhg8 16. b5 Na5 17. Bxh7 Rg7 18. Nxd5+ Kb8 19.
Nxb6 Bxb5 20. Nd7+ Bxd7 21. Qxd7 Rxh7 22. Qc7+ Ka8 23. Qc8+ Rxc8 24. Rxc8# 1-0

[Event "NJSK 2022 Jeugd C"]
[Site "Almelo, Netherlands"]
[Date "2022.05.01"]
[Round "1.12"]
[White "Bosma, Jonathan"]
[Black "Ponomarev, Ivan"]
[Result "0-1"]
[TimeControl "90min + 30sec/move"]
[WhiteElo "884"]
[BlackElo "1744"]

1. d4 Nf6 2. c4 e6 3. Nc3 Bb4 4. Nf3 O-O 5. e3 d5 6. Bd3 dxc4 7. Bxc4 b6 8. a3 Bxc3+ 9. bxc3 Bb7 10.
O-O Nbd7 11. Qc2 c5 12. Nd2 Rc8 13. a4 Qc7 14. h3 cxd4 15. exd4 e5 16. Qd3 e4 17. Qg3 Qxg3 18. fxg3 e3 19.
Ne4 Bxe4 20. Bxe3 Rxc4 21. Ra3 Rfc8 22. Bd2 Nd5 23. Re1 f5 24. g4 Nxc3 25. gxf5 Nb1 26. Ra2 Nxd2 27. Rxd2 Rc1 28.
Rde2 Rxe1+ 29. Rxe1 Nf6 30. g4 h6 31. h4 Rc2 32. Kf1 Bd3+ 33. Kg1 Nxg4 34. d5 Bxf5 35. d6 Rd2 36. Re8+ Kh7 37.
d7 Rxd7 38. Kg2 Nf6 39. Re3 Rd4 40. Ra3 Rxh4 41. a5 Rb4 42. axb6 axb6 43. Kg3 b5 44. Ra5 Rb1 45. Kf2 Bg6 46.
Ke3 b4 47. Kd2 b3 48. Rb5 b2 49. Rb6 Rh1 50. Rxb2 Rh2+ 51. Kc3 Rxb2 52. Kxb2 h5 53. Kc1 h4 54. Kd1 h3 55. Ke2 h2 56.
Kf2 h1=Q 57. Kg3 Qe4 58. Kh3 Qg4+ 59. Kh2 Kh6 60. Kh1 Be4+ 61. Kh2 Qg2# 0-1

[Event "NJSK 2022 Jeugd C"]
[Site "Almelo, Netherlands"]
[Date "2022.05.02"]
[Round "2.1"]
[White "Van Arendonk, Polle"]
[Black "Smeets, Kobe"]
[Result "1/2-1/2"]
[TimeControl "90min + 30sec/move"]
[WhiteElo "1784"]
[BlackElo "1984"]

1. e4 c5 2. Nf3 e6 3. d4 cxd4 4. Nxd4 Nc6 5. Nb5 d6 6. c4 a6 7. N5c3 Nf6 8. Be2 Be7 9. O-O O-O 10.
Be3 Qc7 11. Nd2 Rd8 12. Na4 Nd7 13. Nf3 Nc5 14. Nc3 Bf6 15. Bg5 Bxg5 16. Nxg5 b6 17. Nf3 Bb7 18. Nd4 Ne7 19. Qc2 d5 20. cxd5 exd5 21. exd5 Nxd5 22. Nxd5 Rxd5 23.
Rad1 Qf4 24. Nf3 Rh5 25. Qd2 Qf6 26. Qd6 Rh6 27. Qxf6 Rxf6 28. Rd2 Re8 29. Rfd1 Ne6 30. Bc4 Rg6 31.
Kf1 b5 32. Bd5 Bxd5 33. Rxd5 1/2-1/2

[Event "NJSK 2022 Jeugd C"]
[Site "Almelo, Netherlands"]
[Date "2022.05.02"]
[Round "2.2"]
[White "Zhu, Chenwu"]
[Black "Krylov, Philippe"]
[Result "1-0"]
[TimeControl "90min + 30sec/move"]
[WhiteElo "1968"]
[BlackElo "1817"]

1. e4 c6 2. d4 d5 3.
Nc3 dxe4 4. Nxe4 Bf5 5. Ng3 Bg6 6.
h4 h6 7.
h5 Bh7 8. Nf3 Nd7 9. Bd3 Bxd3 10. Qxd3 e6 11. Be3 Qa5+ 12. Bd2 Bb4 13. a3 Bxd2+ 14. Nxd2 Ngf6 15. O-O-O c5 16. Nb3 Qc7 17. dxc5 Nxc5 18.
Qb5+ Ncd7 19. Rd2 O-O 20. Qe2 Rfd8 21. Rhd1 Nb6 22. Ne4 Nxe4 23. Qxe4 Rxd2 24. Nxd2 Rd8 25. g4 Qd7 26. f4 Qd5 27.
Qe2 Na4 28. Nc4 Qxd1+ 29. Qxd1 Rxd1+ 30. Kxd1 b5 31. Nd6 a6 32. b3 Nc3+ 33. Ke1 Kf8 34. Kf2 Ke7 35. Nb7 f6 36. Ke3 Nd5+ 37. Ke4 Nc7 38. c4 Kd7 39.
f5 e5 40. cxb5 axb5 41. Nc5+ Kd6 42. Nd3 Na6 43. b4 Nc7 44. Nc5 Kc6 45. Nd3 Nd5 46. Nc5 Nf4 47. a4 bxa4 48. Nxa4 Nd5 49.
Nc5 Nxb4 50. Ne6 Nd5 51. Nxg7 Nc7 52. g5 fxg5 53. Kxe5 Kd7 54. f6 Kd8 55. Nf5 Ke8 56. Nxh6 Kf8 57.
Kf5 Ne8 58. Kxg5 Ng7 59. fxg7+ Kxg7 60. Nf5+ Kh8 61. Kg6 Kg8 62. h6 Kh8 63. Nd6 Kg8 64. h7+ 1-0

[Event "NJSK 2022 Jeugd C"]
[Site "Almelo, Netherlands"]
[Date "2022.05.02"]
[Round "2.3"]
[White "Arnold, Rhys"]
[Black "Madularea, David"]
[Result "1-0"]
[TimeControl "90min + 30sec/move"]
[WhiteElo "1846"]
[BlackElo "1774"]

1. e4 c5 2. c4 d6 3. Nc3 g6 4. Nge2 Bg7 5. d4 cxd4 6. Nxd4 Nc6 7. Be3 Nf6 8. Be2 O-O 9. O-O Bd7 10.
Rc1 a6 11. h3 Nxd4 12. Bxd4 b5 13. cxb5 axb5 14. a3 Bc6 15. Bxb5 Bxb5 16. Nxb5 e5 17. Be3 Nxe4 18. Qd5 Ra5 19.
b4 Nf6 20. Qc6 Rxb5 21. Qxb5 Qa8 22. Qc6 Qxa3 23. b5 d5 24. Bc5 1-0

[Event "NJSK 2022 Jeugd C"]
[Site "Almelo, Netherlands"]
[Date "2022.05.02"]
[Round "2.4"]
[White "Ponomarev, Ivan"]
[Black "Kurt, Sascha"]
[Result "1/2-1/2"]
[TimeControl "90min + 30sec/move"]
[WhiteElo "1744"]
[BlackElo "1834"]

1. e4 c5 2. Nf3 e6 3. c3 Nf6 4. e5 Nd5 5. d4 cxd4 6. cxd4 d6 7. Nc3 Nxc3 8. bxc3 Qc7 9. Qc2 Nd7 10.
Bf4 dxe5 11. Nxe5 Bd6 12. Bb5 O-O 13. Nxd7 Bxd7 14. Bxd6 Qxd6 15. Bxd7 Qxd7 16. O-O Rac8 17. Rfc1 Rc4 18.
Qb3 Rfc8 19. Rc2 Qc6 20. Rac1 b5 21. a3 a5 22. h3 Kf8 23. Rb1 b4 24. axb4 axb4 25. g3 Ke8 26. Rd1 Rxc3 27.
Rxc3 bxc3 28. Rc1 c2 29. Qd3 g6 30. h4 Qc4 31. Qe4 Ke7 32. Qf4 Rd8 33. Qe4 Rc8 34. Qb7+ Rc7 35. Qb2 Qc3 36.
Qb6 Rd7 37. Kg2 Rxd4 38. Rxc2 Qxc2 39. Qxd4 Qc6+ 40. Kg1 Qd5 41. Qb4+ Kf6 42. Qf4+ Kg7 43. Qe3 e5 44. Kh2 Qd4 45.
Qf3 h5 46. Qe2 e4 47. Kg2 Qd5 48. Qe3 Qf5 49. Qc3+ Kh7 50. Qe3 Qg4 51. Qb3 Kg7 52. Qc3+ Kg8 53. Qb3 Qe2 54. Qb8+ Kg7 55.
Qe5+ Kh7 56. Qf4 Qc4 57. Qe3 Kg7 58. Qa3 Qd3 59. Qxd3 exd3 60. Kf3 Kf6 61. Ke3 Kf5 62. f3 Ke5 63.
Kxd3 Kd5 64. Ke3 Ke5 65. Kd3 f5 66. Ke3 f4+ 67. gxf4+ Kf5 68. Ke2 Kxf4 69. Kf2 Kf5 70. Kf1 Ke5 71.
Ke1 Kd4 72. Kd2 Ke5 73. Ke3 Kf5 1/2-1/2

[Event "NJSK 2022 Jeugd C"]
[Site "Almelo, Netherlands"]
[Date "2022.05.02"]
[Round "2.5"]
[White "Zecha, Oscar"]
[Black "Kazarjan, Gachatur"]
[Result "1/2-1/2"]
[TimeControl "90min + 30sec/move"]
[WhiteElo "1826"]
[BlackElo "1661"]

1. d4 Nf6 2. c4 e6 3. Nf3 d5 4. g3 c5 5. cxd5 exd5 6. Bg2 Nc6 7. O-O Be7 8. dxc5 Bxc5 9. a3 a5 10.
Bg5 Be7 11. Nc3 Be6 12. Rc1 Ne4 13. Bxe7 Nxc3 14. Bxd8 Nxd1 15. Rfxd1 Rxd8 16. Nd4 Nxd4 17. Rxd4 O-O 18. Rcd1 Rd6 19.
e4 Rc8 20. exd5 Bd7 21. h4 b5 22. R1d2 g6 23. Re2 Kf8 24. Rdd2 Bf5 1/2-1/2

[Event "NJSK 2022 Jeugd C"]
[Site "Almelo, Netherlands"]
[Date "2022.05.02"]
[Round "2.6"]
[White "Mohebbinezhad, Parsa"]
[Black "De Winter, Arthur"]
[Result "0-1"]
[TimeControl "90min + 30sec/move"]
[WhiteElo "1600"]
[BlackElo "2138"]

1. e4 c5 2. Nf3 Nc6 3. d4 cxd4 4. Nxd4 Nf6 5. Nc3 e5 6. Nf5 d6 7. Ne3 Be7 8. Ned5 Nxd5 9. Nxd5 O-O 10.
Be3 Bg5 11. Bxg5 Qxg5 12. h4 Qg6 13. Qd3 f5 14. exf5 Bxf5 15. Qb3 Kh8 16. c3 Be6 17. O-O-O Nd4 18. cxd4 Rac8+ 19. Kd2 Bxd5 20.
Qe3 Rc2+ 21. Ke1 exd4 22. Qd3 Re8+ 23. Be2 Rexe2+ 24. Qxe2 Rxe2+ 25. Kxe2 Qc2+ 26. Rd2 Qe4+ 27. Kd1 Qb1+ 28.
Ke2 Qxh1 29. g3 Qe4+ 30. Kd1 d3 31. Kc1 Qe1+ 32. Rd1 d2+ 33. Kc2 Be4+ 34. Kc3 Qxd1 35. Kd4 Qe2 36. Kc3 d1=Q 37.
Kb4 Qxb2+ 38. Ka5 Qb6# 0-1

[Event "NJSK 2022 Jeugd C"]
[Site "Almelo, Netherlands"]
[Date "2022.05.02"]
[Round "2.7"]
[White "Van Batenburg, Mees"]
[Black "Dekker, Thiemen"]
[Result "1/2-1/2"]
[TimeControl "90min + 30sec/move"]
[WhiteElo "1713"]
[BlackElo "1935"]

1. d4 d5 2. Nc3 Nf6 3. Bf4 c5 4. e3 cxd4 5. exd4 a6 6. Nf3 Nc6 7. Ne5 Bd7 8. Nxc6 Bxc6 9. Qf3 e6 10.
Bd3 Rc8 11. O-O Qb6 12. Be5 Be7 13. Rab1 O-O 14. Ne2 Bb5 15. c3 Bxd3 16. Qxd3 Nd7 17. Bg3 Qd8 18. b3 b5 19. Rfc1 Nb6 20.
h3 Rc6 21. Qf3 Qd7 22. Nf4 Rfc8 23. Rc2 Bf8 1/2-1/2

[Event "NJSK 2022 Jeugd C"]
[Site "Almelo, Netherlands"]
[Date "2022.05.02"]
[Round "2.8"]
[White "Kumar, Prajit Sai"]
[Black "Agarwal, Pranav"]
[Result "1-0"]
[TimeControl "90min + 30sec/move"]
[WhiteElo "2042"]
[BlackElo "1531"]

1. d4 c5 2. d5 e6 3. e4 exd5 4.
exd5 Nf6 5. Nf3 d6 6. Nc3 Bg4 7. Be2 Be7 8. O-O Nbd7 9. h3 Bh5 10. Bf4 a6 11. a4 O-O 12. Re1 Re8 13.
Nd2 Bg6 14. a5 b5 15. axb6 Nxb6 16. Nc4 Nxc4 17. Bxc4 Qb6 18. b3 Qb4 19. Bd2 Qb6 20. Ra2 Ra7 21. Qf3 Kf8 22. Rea1 Rea8 23. Qe2 Nd7 24. Bxa6 Nb8 25.
Bd3 Nd7 26. Bxg6 hxg6 27. Rxa7 Rxa7 28. Re1 Nf6 29. f4 Qb7 30. Qf3 Qb4 31. Kh2 c4 32. Qe3 Rb7 33. Rb1 Rc7 34. Qd4 Nd7 35.
Ne4 Qb7 36. Rb2 c3 37. Bxc3 Nf6 38.
Bd2 Qxd5 39. Qxd5 Nxd5 40. c4 Nb6 41. Ba5 Rb7 42. Rd2 Nc8 43. b4 f5 44. Nc3 Nb6 45. Bxb6 Rxb6 46. Nd5 Rc6 47. Rc2 Rc8 48. g3 Bd8 49.
h4 Ke8 50. Kg2 Kd7 51. Kf3 Ra8 52. Rc3 Kc6 53. Rd3 Ra4 54. Ke2 Ra1 55. b5+ Kc5 56. Ne3 Ra2+ 57. Kf3 Be7 58. Rd5+ Kb6 59. h5 gxh5 60. Nxf5 Ra3+ 61. Kg2 Bf8 62. Nxd6 Rc3 63. Kh3 g6 64.
Nf7 Rxc4 65. Ne5 Rc7 66. Nd7+ Kb7 67. Nxf8 g5 68. Rd7 gxf4 69. gxf4 Kc8 70. Rxc7+ Kxc7 71. f5 Kb6 72. f6 Kxb5 73. f7 Kc6 74. Ng6 h4 75.
f8=Q Kd7 76. Qe7+ Kc6 77. Qd8 Kc5 78. Qd7 Kc4 79. Qd6 Kc3 80. Qd5 Kc2 81. Qd4 Kb1 82. Qd2 Ka1 83. Ne5 Kb1 84.
Nc4 Ka1 85. Qb2# 1-0

[Event "NJSK 2022 Jeugd C"]
[Site "Almelo, Netherlands"]
[Date "2022.05.02"]
[Round "2.9"]
[White "Venema, Maxime"]
[Black "Fallaux, Storm"]
[Result "0-1"]
[TimeControl "90min + 30sec/move"]
[WhiteElo "1614"]
[BlackElo "1459"]

1. d4 Nf6 2. c4 e6 3. Nc3 Bb4 4. Bd2 Bxc3 5. Bxc3 b6 6. Nf3 Bb7 7. e3 d6 8. Bd3 Nbd7 9. O-O Ne4 10. Qc2 f5 11. d5 exd5 12. cxd5 Bxd5 13. Bxg7 Rg8 14.
Bh6 Ne5 15. Nxe5 dxe5 16. f3 Ng5 17. Bb5+ c6 18. Bxc6+ Bxc6 19. Qxc6+ Ke7 20. Rad1 Nh3+ 21. Kh1 Nf2+ 22. Kg1 Nxd1 23.
Qb7+ Qd7 24. Qxd7+ Kxd7 25. Rxd1+ Ke6 26. f4 Rad8 27. Rc1 exf4 28. Bxf4 Rc8 29. Rc7 Rxc7 30. Bxc7 Rc8 31. Bf4 Rc1+ 32. Kf2 Rc2+ 33. Kg3 Rxb2 34. a3 Ra2 35. Bb8 Rxa3 36. Kf4 h6 37. Be5 Ra2 38.
Bb8 a5 0-1

[Event "NJSK 2022 Jeugd C"]
[Site "Almelo, Netherlands"]
[Date "2022.05.02"]
[Round "2.10"]
[White "Folkers, Sono"]
[Black "Lopes, Samuel"]
[Result "0-1"]
[TimeControl "90min + 30sec/move"]
[WhiteElo "1519"]
[BlackElo "1600"]

1. d4 Nf6 2. Bf4 g6 3. Nf3 Bg7 4. e3 d6 5. Bd3 O-O 6. O-O Nbd7 7. c4 b6 8. Nbd2 Bb7 9. a4 a5 10.
Qc2 Qe8 11. Bg3 Nh5 12. Rac1 Nxg3 13. fxg3 e5 14. d5 Nc5 15. b3 f5 16. e4 f4 17. g4 h6 18. Be2 g5 19. Ne1 Bc8 20.
Nd3 Nd7 21. h3 Nf6 22. Nf2 Qg6 23. Bf3 Kf7 24. Nb1 Rh8 25. Nc3 Bd7 26. Qe2 h5 27. Rc2 hxg4 28. Nxg4 Nh5 29. Rfc1 Ng3 30.
Qf2 Rh4 31. Nb5 Rah8 32. Rf1 Bxg4 33. Qxg3 fxg3 34. Bxg4+ Ke7 35. Bf5 Qh6 36. Be6 Rf8 37. Rcc1 g4 38. Rxf8 Qe3+ 39. Kf1 Qxc1+ 0-1

[Event "NJSK 2022 Jeugd C"]
[Site "Almelo, Netherlands"]
[Date "2022.05.02"]
[Round "2.11"]
[White "Franco, Hugo"]
[Black "Terlouw, Wouter"]
[Result "0-1"]
[TimeControl "90min + 30sec/move"]
[WhiteElo "1441"]
[BlackElo "1578"]

1. e4 c5 2. Nf3 Nc6 3. Bc4 g6 4. d4 cxd4 5. Nxd4 Bg7 6. Qf3 Ne5 7. Qb3 Qa5+ 8. c3 Nf6 9. Bf4 Nxe4 10.
Bxe5 Bxe5 11. Bxf7+ Kf8 12. Bd5 Nf6 13. Bf3 Bxd4 14. O-O Bc5 15. Nd2 Qb6 16. Qc4 e6 17. Qf4 Kg7 18. Nc4 Qd8 19.
a4 d5 20. Rad1 Qe7 21. b4 Bb6 22. Nxb6 axb6 23. Rfe1 Qf7 24. Qe5 Rf8 25. h4 h5 26. Kh1 Kg8 27. Rg1 Ng4 28. Bxg4 hxg4 29.
Rd4 Qf6 30. Qg3 e5 31. Rxd5 Qxf2 32. Qxe5 Qxh4+ 33. Qh2 Qxh2+ 34. Kxh2 Rxa4 35. Re1 Ra3 36. Kg3 Rxc3+ 37. Kh4 Kf7 38. Rf1+ Bf5 39. Rd7+ Ke6 40.
Rxb7 Rh8+ 41. Kg5 Rh5+ 42. Kf4 g5# 0-1

[Event "NJSK 2022 Jeugd C"]
[Site "Almelo, Netherlands"]
[Date "2022.05.02"]
[Round "2.12"]
[White "Kumar, Prayan Sai"]
[Black "Bosma, Jonathan"]
[Result "1-0"]
[TimeControl "90min + 30sec/move"]
[WhiteElo "1562"]
[BlackElo "884"]

1. d4 Nf6 2. Nf3 d6 3. Bf4 Bf5 4.
e3 e6 5.
c4 c6 6.
Nc3 d5 7. Qb3 Qb6 8. c5 Qxb3 9. axb3 Ne4 10. Bxb8 Rxb8 11. Rxa7 Nxc3 12. bxc3 f6 13. Be2 g6 14. O-O Bg7 15.
Nd2 O-O 16. g4 Be4 17. f3 Bh6 18. Kf2 f5 19. fxe4 fxe4+ 20. Ke1 Rxf1+ 21. Nxf1 b6 22. b4 bxc5 23. dxc5 Bg7 24. Kd2 g5 25.
Ba6 Be5 26. Bb7 Rf8 27. Ra8 Bb8 28. Ke2 Kf7 29. Bxc6 Ke7 30. b5 Kf7 31. Bb7 Be5 32. Rxf8+ Kxf8 33. c6 Bc7 34. h3 Ke7 35. Nd2 Kd6 36. Nb3 e5 37. Kd2 Bb6 38. Ba6 Kc7 39. Nc1 Kd6 40. Ne2 Ke6 41.
Ng3 Kd6 42. Nf5+ Ke6 43. Kc2 h5 44. Ng7+ Kf7 45. Nxh5 Kg6 46. Ng3 Kf6 47. Nf5 Ke6 48. Kd2 Kf6 49. Nd6 Ke6 50. Nc8 Ba5 51.
b6 d4 52. c7 Bxc3+ 53. Kd1 Kd5 54. Ne7+ Kd6 55. c8=Q Kxe7 56. b7 d3 1-0

[Event "NJSK 2022 Jeugd C"]
[Site "Almelo, Netherlands"]
[Date "2022.05.03"]
[Round "3.1"]
[White "Arnold, Rhys"]
[Black "Zhu, Chenwu"]
[Result "0-1"]
[TimeControl "90min + 30sec/move"]
[WhiteElo "1846"]
[BlackElo "1968"]

1. e4 e5 2. Nf3 Nc6 3. d4 exd4 4. Nxd4 Bc5 5. Nb3 Bb6 6. Nc3 h6 7. Bf4 d6 8. Bb5 Nf6 9. Bxc6+ bxc6 10.
Qe2 O-O 11. O-O-O Qe7 12. f3 a5 13. g4 a4 14. Nd4 Nh7 15. a3 Qf6 16. Be3 Ba5 17. h4 Bxc3 18. bxc3 c5 19. g5 Qe5 20.
Qg2 cxd4 21. f4 Qe7 22. cxd4 h5 23. f5 Bxf5 24. exf5 Qxe3+ 25. Kb2 Rab8+ 26. Ka2 Qc3 27. Rb1 Qc4+ 28.
Ka1 Qxd4+ 0-1

[Event "NJSK 2022 Jeugd C"]
[Site "Almelo, Netherlands"]
[Date "2022.05.03"]
[Round "3.2"]
[White "De Winter, Arthur"]
[Black "Zecha, Oscar"]
[Result "1-0"]
[TimeControl "90min + 30sec/move"]
[WhiteElo "2138"]
[BlackElo "1826"]

1. e4 e5 2. Nf3 Nc6 3. Bc4 Bc5 4. c3 Nf6 5. d4 exd4 6. cxd4 Bb4+ 7. Nbd2 d5 8. exd5 Nxd5 9. O-O O-O 10.
a3 Ba5 11. h3 Bb6 12. Ne4 h6 13. Bxh6 Re8 14. Bg5 Qd7 15. Re1 Kf8 16. Nc5 Rxe1+ 17. Qxe1 Qd6 18. Rd1 Nf6 19. Ne4 Nxe4 20.
Qxe4 Bd7 21. Qh7 1-0